 Dungeon Crawl Stone Soup version 0.30.1 (webtiles) character file.

Game seed: 15955182404078375242

22567 jurchenman the Thaumaturge (level 12, -3/59 HPs)
             Began as a Deep Elf Conjurer on July 5, 2023.
             Was a Believer of Vehumet.
             Slain by an eight-headed hydra (12 damage)
             ... on level 3 of the Lair of Beasts.
             The game lasted 01:00:38 (15738 turns).

jurchenman the Thaumaturge (Deep Elf Conjurer)     Turns: 15738, Time: 01:00:38

Health: -3/59      AC: 19    Str:  4    XL:     12   Next: 64%
Magic:  21/32      EV: 19    Int: 31    God:    Vehumet [**....]
Gold:   822        SH:  0    Dex: 13    Spells: 25/39 levels left

rFire   . . .        w - +8 rapier of Kierph {vamp, Int+2 SInv}
rCold   . . .        (no shield)
rNeg    . . .        t - +2 leather armour of the Freezing Gods {rElec rCorr Stlth+}
rPois   .            (no helmet)
rElec   +            s - +2 cloak
rCorr   +            g - +2 pair of gloves
SInv    +            C - +2 pair of boots
Will    +....        b - amulet of magic regeneration
Stlth   +++          I - +5 ring of evasion
HPRegen 0.29/turn    m - +4 ring of protection
MPRegen 0.63/turn

%: no passive effects
@: no status effects
A: no striking features
a: Renounce Religion


You were on level 3 of the Lair of Beasts.
You worshipped Vehumet.
Vehumet was pleased with you.
You visited 3 branches of the dungeon, and saw 14 of its levels.

You collected 822 gold pieces.

Inventory:

Hand Weapons
 d - a +0 mace
 j - a +0 dagger
 p - a +4 short sword of draining
 w - the +8 rapier of Kierph (weapon) {vamp, Int+2 SInv}
   (You found it on level 5 of the Dungeon)

   Int:       It affects your intelligence (+2).
   SInv:      It lets you see invisible.
Missiles
 k - 3 throwing nets
Armour
 a - a +1 robe
 g - a +2 pair of gloves (worn)
 s - a +2 cloak (worn)
 t - the +2 leather armour of the Freezing Gods (worn) {rElec rCorr Stlth+}
   (You found it on level 6 of the Dungeon)

   rElec:     It insulates you from electricity.
   rCorr:     It protects you from acid and corrosion.
   Stlth:     It makes you more stealthy.
 C - a +2 pair of boots (worn)
 G - a +2 robe of willpower
 J - the +7 Kryia's mail coat {PotionHeal*2 rC+}
   (You found it on level 1 of the Lair of Beasts)

   PotionHeal*2: Potions heal its wearer twice as much.
   rC:        It protects you from cold.
Magical Staves
 e - a staff of poison
Jewellery
 b - an amulet of magic regeneration (around neck)
 h - a ring of flight
 l - a +6 ring of strength
 m - a +4 ring of protection (right hand)
 z - a ring of protection from cold
 I - a +5 ring of evasion (left hand)
 K - a ring of fire
 Q - a ring of ice
Wands
 E - a wand of acid (13)
 H - a wand of paralysis (5)
 M - a wand of iceblast (4)
Scrolls
 f - 4 scrolls of teleportation
 q - 7 scrolls of identify
 r - 2 scrolls of poison
 u - a scroll of brand weapon
 v - 3 scrolls of blinking
 x - 3 scrolls of amnesia
 y - 3 scrolls of fear
 B - a scroll of magic mapping
 D - a scroll of butterflies
 O - a scroll of silence
Potions
 c - 2 potions of flight
 i - 2 potions of cancellation
 n - 2 potions of resistance
 o - 2 potions of brilliance
 A - 2 potions of curing
 F - a potion of might
 L - a potion of haste {unknown}
 N - a potion of heal wounds {unknown}
 P - a potion of mutation {unknown}


   Skills:
 + Level 5.7 Armour
 - Level 8.6 Dodging
 - Level 2.4 Stealth
 + Level 14.1 Spellcasting
 + Level 12.5 Conjurations
 - Level 6.2 Hexes
 - Level 9.0 Translocations
 + Level 1.5 Fire Magic
 - Level 5.3 Earth Magic
 - Level 4.3 Evocations


You had 25 spell levels left.
You knew the following spells:

 Your Spells              Type           Power      Damage    Failure   Level
a - Magic Dart            Conj           100%       1d8       1%          1
b - Searing Ray           Conj           100%       2d8       1%          2
c - Fulminant Prism       Conj/Hex       34%        3d16      1%          4
d - Iskenderun's Mystic   Conj/Tloc      73%        2d15      1%          4
e - Apportation           Tloc           100%       N/A       1%          1
f - Sandblast             Erth           100%       2d20      1%          1
g - Foxfire               Conj/Fire      100%       2x1d9     1%          1

Your spell library contained the following spells:

 Spells                   Type           Power      Damage    Failure   Level
 Dazzling Flash           Conj/Hex       100%       N/A       1%          3
 Hailstorm                Conj/Ice       57%        3d12      1%          3
 Portal Projectile        Hex/Tloc       100%       N/A       1%          3
 Freeze                   Ice            84%        1d9       3%          1
 Leda's Liquefaction      Hex/Erth       27%        N/A       3%          4
 Cigotuvi's Dreadful Rot  Necr/Pois/Air  42%        N/A       5%          2
 Sublimation of Blood     Necr           21%        N/A       5%          2
 Irradiate                Conj/Tmut      28%        3d21      8%          5
 Ignite Poison            Fire/Tmut/Pois 25%        N/A       9%          3
 Call Canine Familiar     Summ           21%        N/A       11%         3
 Frozen Ramparts          Ice            42%        1d7       11%         3
 Petrify                  Tmut/Erth      38%        N/A       12%         4
 Summon Forest            Summ/Tloc      24%        N/A       16%         5
 Freezing Cloud           Conj/Ice/Air   23%        6-21      19%         5
 Summon Mana Viper        Hex/Summ       41%        N/A       28%         5
 Ice Form                 Ice/Tmut       21%        N/A       34%         4
 Olgreb's Toxic Radiance  Pois           21%        N/A       34%         4
 Summon Ice Beast         Ice/Summ       21%        N/A       34%         4
 Alistair's Intoxication  Tmut/Pois      14%        N/A       69%         5
 Summon Cactus Giant      Summ           10%        N/A       99%         6
 Monstrous Menagerie      Summ           10%        N/A       100%        7
 Discord                  Hex            28%        N/A       100%        8
 Ignition                 Fire           15%        3d6       100%        8
 Fire Storm               Conj/Fire      30%        8d8       100%        9


Dungeon Overview and Level Annotations

Branches:
Dungeon (10/15)            Temple (1/1) D:5            Lair (3/5) D:10
  Snake (0/4) Lair:2          Orc (0/2) D:10
  Swamp: Lair:2-3    Shoals: Lair:2-3

Altars:
Ashenzari
Cheibriados
Dithmenos
Elyvilon
Fedhas
Gozag
Hepliaklqana
Kikubaaqudgha
Makhleb
Nemelex Xobeh
Okawaru
Qazlal
Ru
Sif Muna
Trog
Uskayaw
Vehumet
Wu Jian
Xom
Yredelemnul
Zin
The Shining One
Lugonu

Portals:
Abyss: D:8

Annotations:
D:2 1 runed translucent door, Crazy Yiuf
D:3 2 transporters
D:5 3 runed translucent doors, jujuben's ghost, amateur TrTm
D:8 2 transporters, jurchenman's ghost, novice DECj


Message History

The mystic blast hits the eight-headed hydra!
The eight-headed hydra is moderately wounded.
The eight-headed hydra is knocked back by the mystic blast.
The eight-headed hydra slams into the rock wall!
The eight-headed hydra is moderately wounded.
The eight-headed hydra bites you! The eight-headed hydra bites you.
The eight-headed hydra bites you but does no damage.
The eight-headed hydra misses you. x2
The eight-headed hydra bites you but does no damage.
The eight-headed hydra bites you!
The eight-headed hydra bites you but does no damage.
Casting: Iskenderun's Mystic Blast (safe; 1% risk of failure)
Confirm with . or Enter, or press ? or * to list all spells.
You erupt in a blast of force!
The mystic blast hits the eight-headed hydra!!
The eight-headed hydra is severely wounded.
The eight-headed hydra misses you.
The eight-headed hydra barely misses you.
The eight-headed hydra closely misses you.
The eight-headed hydra bites you but does no damage.
The eight-headed hydra bites you!
The eight-headed hydra bites you but does no damage.
The eight-headed hydra closely misses you.
The eight-headed hydra misses you.
Casting: Iskenderun's Mystic Blast (safe; 1% risk of failure)
Confirm with . or Enter, or press ? or * to list all spells.
You erupt in a blast of force!
The mystic blast hits the eight-headed hydra!
The eight-headed hydra is severely wounded.
The eight-headed hydra is knocked back by the mystic blast.
The eight-headed hydra slams into the rock wall!
The eight-headed hydra is almost dead.
You feel yourself speed up.
The eight-headed hydra barely misses you.
The eight-headed hydra bites you. The eight-headed hydra bites you!
* * * LOW HITPOINT WARNING * * *
The eight-headed hydra completely misses you.
The eight-headed hydra bites you but does no damage. x2
The eight-headed hydra bites you!
You die...

#
#.###..............##
### ##..............#
#..............#
#..............##
###.............#
#..)..........#
####....^.....#
#D#÷......##
##.@.....÷..#
#.(.......###
##.......##
##<...<.#####
####.......##.##
#..............#
##............##
#####.......##
###P.......>##


You could see an eight-headed hydra.

Vanquished Creatures
  2 hydras
  A two-headed ogre (D:10)
  A skyshark (Lair:2)
  2 black mambas (Lair:2)
  6 elephants (Lair:2)
  Maurice (D:8)
  Maggie (D:8)
  6 cane toads
  An unseen horror (D:10)
  Psyche (D:9)
  7 komodo dragons
  A rime drake (Lair:2)
  2 trolls (D:10)
  9 blink frogs
  A slime creature (D:5)
  Sigmund (D:3)
  2 wyverns (D:7)
  26 yaks
  A basilisk (Lair:1)
  2 steam dragons
  7 water moccasins
  A black bear (D:6)
  3 orc warriors (D:9)
  2 ogres (D:5)
  An ice beast (D:6)
  A sky beast (D:8)
  14 wolves
  5 centaurs
  3 phantoms
  5 kobold brigands
  A gnoll sergeant (D:6)
  7 bullfrogs
  A scorpion (D:5)
  3 howler monkeys (D:9)
  6 electric eels
  5 jellies
  2 lava snakes (Lair:3)
  12 hounds
  2 centaur zombies (D:5)
  9 orc priests
  4 orc wizards
  2 sleepcaps
  Terence (D:3)
  Robin (D:2)
  4 gnolls (D:6)
  12 adders
  A shadow imp (D:7)
  2 white imps
  An ufetubus (D:6)
  3 worms
  A dart slug (D:3)
  39 orcs
  9 ball pythons
  10 endoplasms
  4 giant cockroaches
  13 goblins
  13 hobgoblins
  A jackal (D:4)
  19 kobolds
  6 quokkas
  9 bats
  5 frilled lizards
  2 rats
326 creatures vanquished.

Vanquished Creatures (others)
  An orc (D:5)
  70 fulminant prisms
71 creatures vanquished.

Grand Total: 397 creatures vanquished

Notes
Turn   | Place    | Note
-------+----------+-------------------------------------------
     0 | D:1      | jurchenman the Deep Elf Conjurer began the quest for the
                  | Orb.
     0 | D:1      | Reached XP level 1. HP: 10/10 MP: 6/6
   156 | D:1      | Reached XP level 2. HP: 15/15 MP: 6/8
   159 | D:1      | Learned a level 2 spell: Searing Ray
   854 | D:2      | Reached skill level 4 in Spellcasting
   939 | D:2      | Reached skill level 5 in Conjurations
  1049 | D:2      | Reached XP level 3. HP: 19/19 MP: 8/10
  1116 | D:2      | Noticed Robin
  1120 | D:2      | Killed Robin
  1315 | D:2      | Reached XP level 4. HP: 24/24 MP: 8/12
  1365 | D:2      | Learned a level 4 spell: Fulminant Prism
  1373 | D:2      | Found an iron altar of Okawaru.
  1495 | D:2      | Found a runed translucent door.
  1496 | D:2      | Noticed Crazy Yiuf
  2101 | D:3      | Found a transporter.
  2117 | D:3      | Found a transporter.
  2214 | D:3      | Noticed Terence
  2221 | D:3      | Killed Terence
  2222 | D:3      | Reached skill level 1 in Hexes
  2451 | D:3      | Reached XP level 5. HP: 16/28 MP: 7/14
  2452 | D:3      | Reached skill level 5 in Spellcasting
  2522 | D:3      | Learned a level 4 spell: Iskenderun's Mystic Blast
  2623 | D:3      | Found an ancient bone altar of Kikubaaqudgha.
  2911 | D:3      | Noticed Sigmund
  2921 | D:3      | Killed Sigmund
  2922 | D:3      | Reached XP level 6. HP: 27/32 MP: 8/16
  3017 | D:3      | Found a faded altar of an unknown god.
  3612 | D:4      | Reached skill level 1 in Translocations
  4141 | D:5      | Entered Level 5 of the Dungeon
  4188 | D:5      | Reached skill level 6 in Spellcasting
  4228 | D:5      | Reached XP level 7. HP: 36/36 MP: 8/18
  4522 | D:5      | Reached skill level 5 in Dodging
  4591 | D:5      | You fall into a shaft and drop 2 floors!
  4592 | D:7      | Noticed a two-headed ogre
  4592 | D:7      | Noticed a wraith
  4617 | D:6      | Found a burning altar of Makhleb.
  4898 | D:6      | Identified the +2 leather armour of the Freezing Gods
                  | {rElec rCorr Stlth+}
  5023 | D:5      | Noticed a steam dragon
  5054 | D:5      | Reached XP level 8. HP: 35/41 MP: 13/20
  5059 | D:5      | HP: 2/41 [steam dragon (1)]
  5366 | D:5      | Reached skill level 7 in Spellcasting
  5366 | D:5      | Reached skill level 5 in Hexes
  5380 | D:5      | Reached skill level 1 in Armour
  5571 | D:5      | Found a runed translucent gate.
  5571 | D:5      | Found a runed translucent gate.
  5571 | D:5      | Found a runed translucent gate.
  5571 | D:5      | Noticed jujuben's ghost (amateur TrTm)
  5573 | D:5      | Found a basalt altar of Yredelemnul.
  6078 | D:5      | Identified the +8 rapier of Kierph {vamp, Int+2 SInv}
  6202 | D:5      | Noticed a slime creature
  6212 | D:5      | Killed a slime creature
  6374 | D:5      | Reached skill level 8 in Spellcasting
  6403 | D:5      | Found a staircase to the Ecumenical Temple.
  6408 | Temple   | Entered the Ecumenical Temple
  6915 | D:6      | Reached XP level 9. HP: 45/45 MP: 17/23
  7229 | D:6      | Reached skill level 5 in Translocations
  7375 | D:6      | HP: 2/45 [poisoned by a gnoll sergeant]
  8129 | D:7      | Noticed a +0 hand axe
  8130 | D:7      | Found a hide-covered altar of Uskayaw.
  8130 | D:7      | Noticed a +0 dagger
  8288 | D:7      | Reached skill level 9 in Spellcasting
  8724 | D:8      | Found a stormy altar of Qazlal.
  8738 | D:8      | Got Iruataamp's Textbook on the Smouldering Comitatus
  8905 | D:8      | Found a transporter.
  8906 | D:8      | Found a transporter.
  8906 | D:8      | Noticed jurchenman's ghost (novice DECj)
  8907 | D:8      | Noticed an ice dragon
  8928 | D:8      | Found a glowing silver altar of Zin.
  8934 | D:8      | Learned a level 1 spell: Apportation
  9097 | D:8      | Noticed Maggie
  9110 | D:8      | Killed Maggie
  9371 | D:8      | Noticed Maurice
  9385 | D:8      | Killed Maurice
  9542 | D:8      | Found a corrupted altar of Lugonu.
  9542 | D:8      | Found a one-way gate to the infinite horrors of the Abyss.
  9552 | D:8      | Reached XP level 10. HP: 23/50 MP: 17/25
  9996 | D:9      | Reached skill level 10 in Spellcasting
 10703 | D:9      | Found an ornate altar of the Wu Jian Council.
 10927 | D:9      | Noticed Psyche
 10933 | D:9      | Killed Psyche
 10934 | D:9      | Reached skill level 11 in Spellcasting
 10948 | D:9      | Reached skill level 10 in Conjurations
 11160 | D:9      | Found a radiant altar of Vehumet.
 11168 | D:9      | Became a worshipper of Vehumet
 11356 | D:10     | Entered Level 10 of the Dungeon
 11467 | D:10     | Found a staircase to the Orcish Mines.
 11505 | D:10     | Noticed a two-headed ogre
 11511 | D:10     | Killed a two-headed ogre
 11562 | D:10     | Reached XP level 11. HP: 50/54 MP: 12/28
 11894 | D:10     | Found a staircase to the Lair.
 12146 | Lair:1   | Entered Level 1 of the Lair of Beasts
 12166 | Lair:1   | Found the +7 Kryia's mail coat {PotionHeal*2 rC+}
 12421 | Lair:1   | Reached skill level 12 in Spellcasting
 12425 | Lair:1   | Reached * piety under Vehumet
 12425 | Lair:1   | Offered knowledge of Sandblast by Vehumet.
 12575 | Lair:1   | Identified the +8 sling of Integrity {antimagic, rN++ rCorr
                  | Str-2 Int+2}
 12677 | Lair:1   | Learned a level 1 spell: Sandblast
 12754 | Lair:1   | Reached skill level 1 in Earth Magic
 13816 | Lair:2   | Reached skill level 5 in Earth Magic
 13827 | Lair:2   | Found a staircase to the Snake Pit.
 13960 | Lair:2   | Reached skill level 13 in Spellcasting
 14032 | Lair:2   | Noticed a skyshark
 14041 | Lair:2   | Killed a skyshark
 14042 | Lair:2   | Reached skill level 1 in Evocations
 14042 | Lair:2   | Reached XP level 12. HP: 59/59 MP: 17/31
 14433 | Lair:2   | Reached skill level 5 in Armour
 14439 | Lair:2   | Noticed a four-headed hydra
 14620 | Lair:2   | Killed a four-headed hydra
 15216 | Lair:3   | Noticed a six-headed hydra
 15220 | Lair:3   | Killed a six-headed hydra
 15361 | Lair:3   | Reached ** piety under Vehumet
 15451 | Lair:3   | Offered knowledge of Foxfire by Vehumet.
 15487 | Lair:3   | Learned a level 1 spell: Foxfire
 15539 | Lair:3   | Reached skill level 14 in Spellcasting
 15584 | Lair:3   | Reached skill level 1 in Fire Magic
 15597 | Lair:3   | Noticed an eight-headed hydra
 15738 | Lair:3   | Slain by an eight-headed hydra

Illustrated notes

Levels and vault maps discovered:
D:1:      lightli_arrival_maybe_door_vault, layout_rooms, minmay_tromino_v4_c
D:2:      layout_loops_cross, basic_altar, uniq_crazy_yiuf_cottage, uniq_robin
D:3:      gammafunk_steamed_eel, layout_basic, mainiacjoe_overflow_tiny_flanked,
          chequers_ecumenical_altar_simple, uniq_terence, uniq_sigmund
D:4:      minmay_angry_zag, layout_basic, minmay_quantized
D:5:      cheibrodos_fertilizer, layout_cave_pools,
          nicolae_yredelemnul_ghost_church, minmay_temple_entry_nine_rooms,
          serial_co_window_serial, co_window_corner_a, co_window_paths_a,
          co_window_paths_a, co_window_corner_a, co_window_corner_a,
          co_window_of_opportunity_c, co_window_unsneaky_path_c,
          co_window_unsneaky_path_e, co_window_paths_c, co_window_2corner,
          co_window_paths_e, corexii_shack
D:6:      layout_basic, lemuel_tele_altar, kennysheep_generic_room_2
D:7:      layout_rooms, dancing_weapons_uskayaw, lightli_corner_chamber
D:8:      layout_loops_corners, zin_treasury, grunt_qazlal_sundering,
          gammafunk_ghost_arena, amcnicky_altar_lugonu_corruption, uniq_maurice,
          uniq_maggie
D:9:      layout_cave_pools, nicolae_vehumet_radiance,
          nicolae_wu_jian_glorious_leap, special_room [special_room_orc],
          serial_column_ruins, column_ruins_courtyard_long,
          column_ruins_hut_ruined, column_ruins_columns_straight,
          column_ruins_grid_1, column_ruins_open_small_water,
          column_ruins_grid_1, column_ruins_columns_straight, uniq_psyche
D:10:     layout_rooms, erik_lair_island, orc_0_dummy
Temple:   compressed_dpeg_circular_temple
Lair:1:   layout_cave_pods, columned_hall_lemuel, st_stairs_8,
          beast_lair_carwin_7
Lair:2:   layout_regular_city, minmay_snake_entry_six_corridors,
          serial_bayou_shore_a, infiniplex_staircase_pool
Lair:3:   layout_cave_shapes, elwin_shoals_entry_stream,
          nicolae_lair_liquid_snakes

Skill      XL: |  1  2  3  4  5  6  7  8  9 10 11 12 |
---------------+-------------------------------------+-----
Spellcasting   | 4 5 6 8 9 11 13 14 | 14.1
Conjurations   | 5 6 7 9 10 11 12 | 12.5
Dodging        | 3 4 5 7 8 |  8.6
Hexes          | 1 3 4 6 |  6.2
Translocations | 1 2 4 6 8 9 |  9.0
Armour         | 2 4 5 |  5.7
Earth Magic    | 5 |  5.3
Evocations     | 1 4 |  4.3
Fire Magic     | 1 |  1.5
Stealth        | |  2.4

Action                     |  1- 3 |  4- 6 |  7- 9 | 10-12 || total
---------------------------+-------+-------+-------+-------++-------
  Melee: Dagger            |       |     2 |     6 |       ||     8
         Punch             |       |       |     1 |       ||     1
         Rapier            |       |       |    29 |    47 ||    76
   Cast: Magic Dart        |    64 |   106 |   104 |   174 ||   448
         Searing Ray       |     3 |    17 |    34 |    31 ||    85
         Fulminant Prism   |       |       |    19 |    51 ||    70
         Iskenderun's Myst |       |       |    10 |    45 ||    55
         Sandblast         |       |       |       |    52 ||    52
    Use: Scroll            |     6 |     7 |     8 |     8 ||    29
         Potion            |       |     1 |     5 |     2 ||     8
   Stab: Sleeping          |       |       |     3 |       ||     3
 Armour: Robe              |     1 |     4 |    40 |       ||    45
         Leather armour    |       |       |       |    79 ||    79
  Dodge: Dodged            |     1 |    10 |    61 |   135 ||   207
